 Dungeon Crawl Stone Soup version 0.28.0-62-gf88900778d (webtiles) character file.

Game seed: 80809790440529199

24109 cbfl8 the Cleaver (level 12, -15/88 HPs)
             Began as a Demonspawn Fighter on June 30, 2023.
             Was a High Priest of Okawaru.
             Demolished by a freezing wraith (18 damage)
             ... led by a death knight
             ... on level 14 of the Dungeon.
             The game lasted 00:18:16 (20886 turns).

cbfl8 the Cleaver (Demonspawn Fighter)             Turns: 20886, Time: 00:18:17

Health: -15/88     AC: 29    Str: 22    XL:     12   Next: 77%
Magic:  17/18      EV: 12    Int:  9    God:    Okawaru [*****.]
Gold:   834        SH: 15    Dex: 16    Spells: 11/11 levels left

rFire   . . .      SeeInvis +   j - +0 war axe
rCold   . . .      Faith    .   c - +0 buckler
rNeg    + + +      Spirit   .   o - +2 crystal plate armour of the Cockatrice {-Cast rN+++ rCorr Int-2}
rPois   +          Reflect  .   F - +2 helmet
rElec   .          Harm     .   p - +1 cloak {rCorr}
rCorr   +          Rampage  .   (no gloves)
Will    +....      NoCast   +   (boots unavailable)
Stlth   ..........              (no amulet)
HPRegen 0.24/turn               I - ring "Waogus" {Fly EV+4 Stlth+}
MPRegen 0.16/turn               l - ring "Balos" {rPois Will+ Str+5 SInv}

@: heroic, flying
A: hooves 3, large bone plates 3, powered by pain 1
a: Renounce Religion, Heroism, Finesse, Duel


You were on level 14 of the Dungeon.
You worshipped Okawaru.
Okawaru was extremely pleased with you.
You visited 2 branches of the dungeon, and saw 15 of its levels.

You collected 834 gold pieces.

Inventory:

Hand Weapons
 j - a +0 war axe (weapon)
Armour
 c - a +0 buckler (worn)
 o - the +2 crystal plate armour of the Cockatrice (worn) {-Cast rN+++ rCorr Int-2}
   (You acquired it on level 7 of the Dungeon)

   Int:       It affects your intelligence (-2).
   rN:        It renders you almost immune to negative energy.
   -Cast:     It prevents spellcasting.
   rCorr:     It protects you from acid and corrosion.
 p - a +1 cloak of preservation (worn)
 F - a +2 helmet (worn)
Jewellery
 l - the ring "Balos" (right hand) {rPois Will+ Str+5 SInv}
   (You found it on level 11 of the Dungeon)

   [ring of see invisible]

   Str:       It affects your strength (+5).
   rPois:     It protects you from poison.
   SInv:      It lets you see invisible.
   Will:      It increases your willpower.
 y - a +6 ring of strength
 I - the ring "Waogus" (left hand) {Fly EV+4 Stlth+}
   (You found it on level 12 of the Dungeon)

   [ring of evasion]

   EV:        It affects your evasion (+4).
   Fly:       It grants you flight.
   Stlth:     It makes you more stealthy.
Wands
 a - a wand of digging (11)
 t - a wand of flame (15)
 v - a wand of polymorph (3)
 x - a wand of mindburst (1) (quivered)
 H - a wand of paralysis (4)
Scrolls
 i - 2 scrolls of fear
 k - 3 scrolls of fog
 m - 2 scrolls of teleportation
 n - 2 scrolls of noise
 q - 3 scrolls of holy word
 s - 2 scrolls of enchant weapon
 z - 2 scrolls of silence
 B - 4 scrolls of enchant armour
Potions
 b - 2 potions of curing
 d - a potion of magic {unknown}
 e - a potion of experience {unknown}
 f - 3 potions of flight
 g - a potion of heal wounds
 h - 3 potions of ambrosia
 r - 2 potions of invisibility {unknown}
 u - 3 potions of degeneration {unknown}
 w - a potion of haste
 A - a potion of resistance {unknown}
 C - 2 potions of mutation {unknown}
 D - a potion of brilliance {unknown}
 G - a potion of attraction {unknown}


   Skills:
 + Level 6.2(11.2) Fighting
 * Level 12.2(17.2) Axes
 + Level 6.7(11.7) Armour
 * Level 6.4(11.4) Dodging
 * Level 6.9(11.9) Stealth
 + Level 6.2(11.2) Shields
 * Level 9.2 Invocations
 * Level 6.7 Evocations


You had 11 spell levels left.
You didn't know any spells.
Your spell library contained the following spells:

 Spells                   Type           Power      Damage    Failure   Level
 Apportation              Tloc           0%         N/A       100%        1
 Foxfire                  Conj/Fire      0%         2x1d4     100%        1
 Sandblast                Erth           0%         2d4       100%        1
 Passwall                 Tmut/Erth      0%         N/A       100%        2
 Sublimation of Blood     Necr           0%         N/A       100%        2
 Frozen Ramparts          Ice            0%         1d2       100%        3
 Gell's Gravitas          Tloc           0%         N/A       100%        3
 Stone Arrow              Conj/Erth      0%         3d7       100%        3
 Teleport Other           Tloc           0%         N/A       100%        3
 Flame Wave               Conj/Fire      0%         2d4       100%        4
 Ice Form                 Ice/Tmut       0%         N/A       100%        4
 Petrify                  Tmut/Erth      0%         N/A       100%        4
 Irradiate                Conj/Tmut      0%         3d13      100%        5
 Dispersal                Tloc           0%         N/A       100%        6
 Summon Ice Beast         Ice/Summ       Unusable   N/A       N/A         4

Dungeon Overview and Level Annotations

Branches:
Dungeon (14/15)            Temple (1/1) D:5            Lair (0/6) D:8
    Orc (0/2) D:12
 Vaults: D:13-14

Altars:
Ashenzari
Cheibriados
Dithmenos
Elyvilon
Fedhas
Gozag
Hepliaklqana
Kikubaaqudgha
Makhleb
Nemelex Xobeh
Okawaru
Qazlal
Ru
Sif Muna
Trog
Uskayaw
Vehumet
Wu Jian
Xom
Yredelemnul
Zin
The Shining One

Shops:
D:4 =   D:5 [   D:6 [:   D:9 *   D:10 [

Annotations:
D:4 3 runed translucent doors, cbfl8's ghost, amateur MiBe
D:9 1 runed translucent door, wesleywilliam's ghost, journeyman MiBe


Innate Abilities, Weirdness & Mutations

You have hooves in place of feet.
You are completely covered in large bone plates. (SH +8)
You sometimes gain a little power by taking damage.


Message History

You slash the death knight! You kick the death knight.
The death knight is severely wounded.
You barely miss the freezing wraith.
The death knight reflects your damage back at you!
You block the freezing wraith's attack.
The freezing wraith hits you but does no damage.
You block the death knight's attack.
You hit the death knight but do no damage.
Your kick misses the death knight.
The death knight is severely wounded.
You hit the freezing wraith.
The death knight's dark mirror aura disappears.
The freezing wraith hits you. The freezing wraith freezes you!
* * * LOW HITPOINT WARNING * * *
You block the freezing wraith's attack.
You hit the death knight. You kick the death knight!
The death knight is almost dead.
You closely miss the freezing wraith.
The death knight hits you but does no damage.
Unknown command.
You hit the death knight.
You kick the death knight, but do no damage.
The death knight is almost dead.
You hit the freezing wraith.
The freezing wraith hits you but does no damage.
You block the freezing wraith's attack.
The death knight hits you with a +4 great mace!
* * * LOW HITPOINT WARNING * * *
You barely miss the death knight. Your kick misses the death knight.
The death knight is almost dead.
You hit the freezing wraith but do no damage.
You block the freezing wraith's attack. x2
The death knight hits you but does no damage.
Unknown command.
You slash the death knight! Your kick misses the death knight.
The death knight is almost dead.
You closely miss the freezing wraith. The freezing wraith hits you!
* * * LOW HITPOINT WARNING * * *
The freezing wraith freezes you!!
You die...

......# #.#
......# #.#
......# #.#
#.# #.#
#####+++##.#
.....[.....#
.>..?...####
...[...@.#
.......Wp#
.........#
.........#
.........#
.........#
.........#
.........#


You could see a death knight and a freezing wraith.

Vanquished Creatures
  A great orb of eyes (D:12)
  Erolcha (D:10)
  5 centaur warriors (D:13)
  A deep elf pyromancer (D:13)
  A manticore (D:13)
  4 ugly things
  A salamander (shapeshifter) (D:12)
  5 cyclopes
  Joseph (D:9)
  2 gargoyles
  An unseen horror (D:13)
  A kobold demonologist (D:12)
  A komodo dragon (D:12)
  4 trolls
  A meliai (D:13)
  5 slime creatures
  3 shadows
  A centaur simulacrum (D:13)
  3 wyverns
  A wraith (D:13)
  Grum (D:10)
  14 yaks
  5 basilisks
  4 vampire mosquitoes
  Edmund (D:5)
  4 acid dragons
  3 water moccasins
  3 orc warriors
  An ice beast (D:6)
  A black bear (D:5)
  3 necrophages
  5 ogres
  A wolf (D:10)
  6 centaurs
  2 kobold brigands
  A bullfrog (D:7)
  3 scorpions
  2 gnoll sergeants
  A water moccasin zombie (D:5)
  3 killer bees (D:10)
  4 wights (D:7)
  6 howler monkeys
  3 centaur zombies
  A hound (D:5)
  A jelly (D:6)
  A gnoll shaman (D:8)
  4 orc priests
  A bullfrog skeleton (D:5)
  Jessica (D:1)
  4 iguanas
  Ijyb (D:5)
  17 orc wizards
  A killer bee zombie (D:7)
  A howler monkey zombie (D:10)
  Robin (D:2)
  11 gnolls
  7 adders
  2 white imps
  An ufetubus (D:7)
  2 worms
  A dart slug (D:2)
  41 orcs
  6 endoplasms
  A giant cockroach (D:4)
  15 goblins
  10 hobgoblins
  6 jackals
  5 quokkas
  6 ball pythons
  7 bats
  3 frilled lizards (D:1)
  13 kobolds
  6 rats
297 creatures vanquished.

Vanquished Creatures (others)
  A centaur zombie (D:10)
  A wolf (D:10)
  2 fungi (D:8)
  23 plants
27 creatures vanquished.

Grand Total: 324 creatures vanquished

Notes
Turn   | Place    | Note
-------+----------+-------------------------------------------
     0 | D:1      | cbfl8 the Demonspawn Fighter began the quest for the Orb.
     0 | D:1      | Reached XP level 1. HP: 18/18 MP: 1/1
    87 | D:1      | Gained mutation: You have large cloven feet. [demonic
                  | ancestry]
    87 | D:1      | Reached XP level 2. HP: 3/24 MP: 2/2
    91 | D:1      | Reached skill level 2 in Axes
  1168 | D:1      | Reached XP level 3. HP: 25/29 MP: 3/3
  1221 | D:1      | Found a faded altar of an unknown god.
  1441 | D:2      | Noticed Jessica
  1452 | D:1      | Killed Jessica
  1453 | D:1      | Reached skill level 1 in Dodging
  1823 | D:2      | Gained mutation: You have hoof-like feet. [demonic
                  | ancestry]
  1823 | D:2      | Reached XP level 4. HP: 31/35 MP: 4/4
  1888 | D:2      | Reached skill level 1 in Invocations
  1980 | D:2      | Reached skill level 3 in Axes
  1981 | D:2      | Reached skill level 1 in Stealth
  2179 | D:2      | Noticed Robin
  2457 | D:2      | Killed Robin
  3908 | D:4      | Reached skill level 1 in Evocations
  3908 | D:4      | Reached XP level 5. HP: 12/41 MP: 4/6
  4199 | D:4      | Noticed an ogre
  4204 | D:4      | Killed an ogre
  4250 | D:4      | Reached skill level 4 in Axes
  4250 | D:4      | Reached XP level 6. HP: 33/47 MP: 7/7
  4483 | D:4      | Gained mutation: You are partially covered in large bone
                  | plates. (SH +4) [demonic ancestry]
  4483 | D:4      | Reached XP level 7. HP: 34/52 MP: 8/8
  4709 | D:4      | Found a runed translucent gate.
  4709 | D:4      | Found a runed translucent gate.
  4709 | D:4      | Found a runed translucent gate.
  4710 | D:4      | Noticed cbfl8's ghost (amateur MiBe)
  4925 | D:4      | Found Ygalaut's Jewellery Emporium.
  5055 | D:5      | Entered Level 5 of the Dungeon
  5058 | D:5      | Noticed Ijyb
  5066 | D:5      | Killed Ijyb
  5239 | D:5      | Reached skill level 5 in Axes
  5324 | D:5      | Noticed Edmund
  5331 | D:5      | Killed Edmund
  5362 | D:5      | Gained mutation: You sometimes gain a little power by
                  | taking damage. [demonic ancestry]
  5362 | D:5      | Reached XP level 8. HP: 49/60 MP: 10/10
  5548 | D:5      | Found Yneuth's Antique Armour Shoppe.
  5732 | D:5      | Reached skill level 6 in Axes
  6117 | D:5      | Found a staircase to the Ecumenical Temple.
  6375 | D:6      | Found Haovvasm's Book Emporium.
  6535 | D:6      | Found Haumu's Armour Boutique.
  7447 | D:7      | Reached skill level 7 in Axes
  7502 | D:7      | Gained mutation: You are mostly covered in large bone
                  | plates. (SH +6) [demonic ancestry]
  7502 | D:7      | Reached XP level 9. HP: 37/64 MP: 12/12
  8252 | D:7      | Reached skill level 5 in Invocations
  8455 | D:7      | Identified a scroll of acquirement
  8456 | D:7      | Acquired the +2 crystal plate armour of the Cockatrice
                  | {-Cast rN+++ rCorr Int-2}
  8642 | D:8      | Reached skill level 8 in Axes
  9136 | D:8      | Reached skill level 5 in Armour
  9276 | D:8      | Gained mutation: You are completely covered in large bone
                  | plates. (SH +8) [demonic ancestry]
  9276 | D:8      | Reached XP level 10. HP: 67/73 MP: 14/14
  9307 | D:8      | Found a staircase to the Lair.
 10015 | D:9      | Found Gaabbeaf's CLEARANCE SALE!.
 10052 | D:9      | Noticed Joseph
 10064 | D:9      | Killed Joseph
 10593 | Temple   | Entered the Ecumenical Temple
 10657 | Temple   | Became a worshipper of Warmaster Okawaru
 10808 | D:10     | Entered Level 10 of the Dungeon
 11015 | D:9      | Reached skill level 9 in Axes
 11187 | D:9      | Found a runed translucent door.
 11188 | D:9      | Noticed wesleywilliam's ghost (journeyman MiBe)
 11602 | D:10     | Noticed Erolcha
 11609 | D:10     | Killed Erolcha
 11906 | D:10     | Noticed a deep elf pyromancer
 11911 | D:10     | Noticed Grum
 12509 | D:10     | Found Leom's Antique Armour Emporium.
 12550 | D:10     | Reached * piety under Okawaru
 12583 | D:10     | Banished a deep elf pyromancer
 12584 | D:10     | Reached skill level 5 in Stealth
 12694 | D:10     | Reached skill level 5 in Fighting
 12728 | D:10     | Reached skill level 5 in Evocations
 12956 | D:10     | Killed Grum
 13087 | D:11     | Noticed a cyclops
 13095 | D:11     | Killed a cyclops
 13095 | D:11     | Reached ** piety under Okawaru
 13096 | D:11     | Reached XP level 11. HP: 55/79 MP: 16/16
 13097 | D:11     | Reached skill level 10 in Axes
 13473 | D:11     | Noticed a green ugly thing
 13480 | D:11     | Killed a green ugly thing
 13495 | D:11     | Noticed a four-headed hydra
 13506 | D:11     | Banished a nine-headed hydra
 13507 | D:11     | Reached skill level 5 in Dodging
 14437 | D:11     | Reached *** piety under Okawaru
 14890 | D:11     | Found a shimmering blue altar of Sif Muna.
 15020 | D:11     | Identified the ring "Balos" {rPois Will+ Str+5 SInv}
 15365 | D:12     | Reached skill level 5 in Shields
 15374 | D:12     | Identified the ring "Waogus" {Fly EV+4 Stlth+}
 15397 | D:12     | Noticed a white ugly thing
 15417 | D:12     | Killed a white ugly thing
 16065 | D:12     | Got Sif Muna's Catalogue of the Flamy Traveller
 16384 | D:12     | Reached skill level 11 in Axes
 16818 | D:12     | Reached **** piety under Okawaru
 17198 | D:12     | Found a staircase to the Orcish Mines.
 17525 | D:13     | Noticed a boulder beetle
 17525 | D:13     | Noticed a centaur warrior
 17587 | D:13     | Gained mutation: You have hooves in place of feet. [demonic
                  | ancestry]
 17587 | D:13     | Reached XP level 12. HP: 84/87 MP: 18/18
 17685 | D:13     | Noticed a centaur warrior
 17699 | D:13     | Killed a centaur warrior
 17776 | D:13     | Noticed a four-headed hydra
 18473 | D:12     | Noticed a fire dragon
 18473 | D:12     | a boulder beetle changed into a fire dragon
 18474 | D:12     | Noticed a great orb of eyes
 18474 | D:12     | a fire dragon changed into a great orb of eyes
 18480 | D:12     | Killed a great orb of eyes
 18783 | D:13     | Killed a centaur warrior
 19523 | D:13     | Identified the +1 chain mail of the Beggar {rC+ Will+}
 19527 | D:13     | Reached ***** piety under Okawaru
 19549 | D:13     | Noticed a centaur warrior
 19561 | D:13     | Killed a centaur warrior
 19820 | D:13     | Noticed a centaur warrior
 19829 | D:13     | Killed a centaur warrior
 19839 | D:13     | Identified the +8 long sword of Kaen Nuz {vorpal, rF+ rN+}
                  | (Okawaru gifted it to you on level 13 of the Dungeon)
 19839 | D:13     | Received a gift from Okawaru
 19847 | D:13     | Reached skill level 12 in Axes
 19858 | D:13     | Noticed a centaur warrior
 19869 | D:13     | Killed a centaur warrior
 19973 | D:13     | HP: 2/88 [deep elf pyromancer/bolt of fire (32)]
 20865 | D:14     | Noticed a death knight
 20886 | D:14     | HP: 3/88 [freezing wraith[a death knight] (10)]
 20886 | D:14     | Demolished by a freezing wraith

Illustrated notes

Levels and vault maps discovered:
D:1:      sevenhm_arrival_forest_fort_small_6, layout_loops_ring,
          shapermc_ecumenical_altar_hornbeckon
D:2:      layout_rooms, uniq_robin, uniq_jessica
D:3:      layout_basic
D:4:      layout_loops_ring, ebering_ghost_rock_garden, serial_shops, shop,
          minmay_misc_feat_ornament, minmay_surrounded
D:5:      layout_basic, minmay_temple_entry_enclosed_plants,
          nicolae_take_the_stairs, uniq_ijyb, uniq_edmund
D:6:      layout_basic, serial_shops, nicolae_stop_n_shop_2,
          nicolae_shop_behind_doors
D:7:      layout_cave_pools
D:8:      layout_gridville, minmay_lair_entry_grove, grunt_ogre_cave
D:9:      layout_stronghold, amcnicky_altar_gilded, ebering_ghost_inner_flame,
          nicolae_shop_clearance, uniq_joseph
D:10:     layout_basic, serial_shops, nicolae_shop_stone, uniq_erolcha,
          uniq_grum
D:11:     layout_roguey, minivault_27, kennysheep_orc_sif_temple
D:12:     layout_irregular_city, orc_0_dummy
D:13:     nzn_winding_woodlands_medium [nzn_winding_woodlands_hourglass,
          nzn_winding_woodlands_5x15_split_checker,
          nzn_winding_woodlands_5x5_cross, nzn_winding_woodlands_5x5_default,
          nzn_winding_woodlands_center_garden,
          nzn_winding_woodlands_5x5_closed_star,
          nzn_winding_woodlands_5x5_default, nzn_winding_woodlands_5x15_default,
          nzn_winding_woodlands_5x5_perimeter], layout_loops_cross,
          grunt_ministairs_2, tso_oasis_becter
D:14:     layout_big_octagon, grunt_vaults_entry_tiered,
          chequers_serial_rivers_large_b
Temple:   grunt_wide_crystal_templ

Skill      XL: |  1  2  3  4  5  6  7  8  9 10 11 12 |
---------------+-------------------------------------+-----
Axes           | 2 3 4 5 7 8 9 11 12 | 12.2
Dodging        | 1 2 3 4 5 6 |  6.4
Invocations    | 1 2 3 4 5 6 8 9 |  9.2
Stealth        | 1 2 3 4 5 6 |  6.9
Armour         | 3 4 5 6 |  6.7
Evocations     | 1 2 3 4 5 6 |  6.7
Shields        | 3 4 5 6 |  6.2
Fighting       | 4 5 6 |  6.2

Action                   |  1- 3 |  4- 6 |  7- 9 | 10-12 || total
-------------------------+-------+-------+-------+-------++-------
Melee: War axe           |    69 |   111 |   210 |   627 ||  1017
       Kick              |     5 |    23 |    54 |   243 ||   325
Invok: Heroism           |       |       |       |     5 ||     5
Evoke: Wand              |       |       |     2 |    11 ||    13
  Use: Potion            |     1 |     1 |       |     2 ||     4
       Scroll            |       |       |    12 |    10 ||    22
Armor: Scale mail        |    34 |    53 |    62 |       ||   149
       Crystal plate arm |       |       |    47 |   397 ||   444
Dodge: Dodged            |    40 |    64 |    62 |   171 ||   337
Block: Buckler           |    22 |    33 |   109 |   546 ||   710
